AoeStats
← SobbingFoil424

Arena

508923432Analyzed
1v1 RM · 8d ago on Sep 24, 2026· 71m 14s· 2 players
Game mode
Random Map
Map size
Tiny (2 player)
Population
200
Speed
Normal
Resources
Standard
Victory
Conquest
Starting age
Dark Age
Ending age
Imperial Age
RankedLock teamsTeams togetherTeam positionsShared explorationLock speedFull tech treeHidden civsTurbo modeCheats
Victory
Defeat
🇹🇼 Lithuanians · Taiwan
1026
+16
🇨🇦 Vietnamese · Canada
1028
-16
SobbingFoil424
10:26 Feudal Age
10:56 Double-Bit Axe
15:28 Castle Age
13:39 Horse Collar
15:37 Loom
23:59 Town Watch
24:50 Wheelbarrow
24:51 Gold Mining
24:54 Stone Mining
24:56 Fletching
25:02 Fletching
26:24 Ballistics
25:46 Treadmill Crane
26:26 Bow Saw
26:47 Heavy Plow
29:02 Stone Shaft Mining
28:35 Scale Barding Armor
28:40 Forging
32:03 Imperial Age
30:33 Hand Cart
31:09 Chain Barding Armor
31:24 Iron Casting
30:52 Padded Archer Armor
30:31 Elite Skirmisher
32:35 Thumb Ring
32:46 Bloodlines
32:36 Husbandry
31:57 Light Cavalry
33:16 Conscription
34:52 Chemistry
34:07 Fortified Wall
34:22 Winged Hussar
36:54 Two-Man Saw
37:06 Plate Barding Armor
37:07 Iron Casting
36:27 Bodkin Arrow
36:48 Leather Archer Armor
37:26 Masonry
37:27 Careening
37:28 Masonry
37:54 Tower Shields
38:11 Elite Leitis
47:22 Bracer
48:41 Hoardings
VElaz531
0:32 Loom
10:17 Feudal Age
16:55 Castle Age
15:24 Double-Bit Axe
15:24 Horse Collar
16:45 Gold Mining
17:41 Wheelbarrow
17:28 Stone Mining
18:31 Bow Saw
24:35 Heavy Plow
24:36 Fletching
26:06 Hand Cart
26:00 Town Watch
32:45 Imperial Age
31:05 Bodkin Arrow
31:12 Padded Archer Armor
33:32 Ballistics
32:57 Elite Fire Lancer
34:46 Chemistry
33:51 Bracer
34:06 Leather Archer Armor
35:02 Two-Man Saw
34:29 Paper Money
34:06 Arson
34:46 Elite Rattan Archer
36:28 Ring Archer Armor
36:32 Treadmill Crane
37:05 Forging
38:17 Squires
37:37 Pikeman
40:46 Iron Casting
39:43 Halberdier
43:39 Scale Mail Armor
43:02 Man-at-Arms
43:48 Long Swordsman
44:47 Chain Mail Armor
44:58 Two-Handed Swordsman
46:11 Plate Mail Armor
46:18 Champion
50:51 Onager
56:21 Elite Skirmisher
57:23 Imperial Skirmisher
64:22 Siege Engineers
Connection lost

Rejoining the realm…

Still unreachable

The connection could not be restored.

Session expired

The server has moved on; the page needs a fresh start.